 Dungeon Crawl Stone Soup version 0.22.1-1-ga44c0e5 (webtiles) character file.

102 Fang the Chopper (level 4, -5/43 HPs)
             Began as a Gargoyle Berserker on Oct 25, 2018.
             Was a Believer of Trog.
             Slain by an iguana (8 damage)
             ... on level 4 of the Dungeon.
             The game lasted 00:01:33 (2278 turns).

Fang the Chopper (Gargoyle Berserker)               Turns: 2278, Time: 00:01:34

Health: -5/43      AC:  5    Str: 26    XL:     4   Next: 77%
Magic:  4/4        EV: 12    Int:  8    God:    Trog [**....]
Gold:   180        SH:  0    Dex:  9    Spells: 3/3 levels left

rFire    . . .     SeeInvis .   a - +0 hand axe
rCold    . . .     Gourm    .   (no shield)
rNeg     + . .     Faith    .   b - +0 animal skin
rPois    ∞         Spirit   .   (no helmet)
rElec    +         Reflect  .   (no cloak)
rCorr    .         Harm     .   (no gloves)
MR       .....                  (no boots)
Stlth    ..........             g - amulet of the acrobat
HPRegen  0.14/turn              (no ring)
MPRegen  0.09/turn              (no ring)

@: berserking, starving, very quick
A: negative energy resistance 1, electricity resistance, unbreathing,
petrification resistance, rot immunity, AC +3
a: Berserk, Trog's Hand, Renounce Religion


You were on level 4 of the Dungeon.
You worshipped Trog.
Trog was pleased with you.
You were starving.

You visited 1 branch of the dungeon, and saw 4 of its levels.

You collected 180 gold pieces.

Inventory:

Hand Weapons
 a - a +0 hand axe (weapon)
Armour
 b - a +0 animal skin (worn)
Jewellery
 g - an amulet of the acrobat (around neck)
Scrolls
 h - 3 scrolls of identify {unknown}
 i - 3 scrolls of teleportation {unknown}
 j - 2 scrolls of amnesia {unknown}
 l - a scroll of enchant armour {unknown}
Potions
 d - 2 potions of resistance {unknown}
 e - 2 potions of cancellation {unknown}
 f - 2 potions of curing {unknown}
 k - 2 potions of heal wounds {unknown}
 m - a potion of might {unknown}
Comestibles
 c - 9 rations


   Skills:
 + Level 3.9 Fighting
 + Level 4.1 Axes
 + Level 2.3 Armour
 + Level 2.0 Dodging
 + Level 0.4 Stealth


You had 3 spell levels left.
You didn't know any spells.
Your spell library was empty.

Dungeon Overview and Level Annotations

Branches:
Dungeon (4/15)
 Temple: D:4-7

Altars:
Kikubaaqudgha
Okawaru
Qazlal
Ru
Wu Jian


Innate Abilities, Weirdness & Mutations

You are resistant to torment.
Your stone body is resilient. (AC +3)
You are immune to poison.
You resist negative energy. (rN+)
You are resistant to electric shocks. (rElec)
You can survive without breathing.
You are immune to petrification.
You are immune to rotting.


Message History

The iguana hisses menacingly.
The iguana bites you!
* * * LOW HITPOINT WARNING * * *
You are too injured to fight recklessly!
You are too injured to fight recklessly!
You are too injured to fight recklessly!
You are too injured to fight recklessly!
You are too injured to fight recklessly!
You are too injured to fight recklessly!
You are too injured to fight recklessly!
You are too injured to fight recklessly!
A red film seems to cover your vision as you go berserk!
You feel yourself moving faster!
You feel mighty!
You are starving!
The iguana bites you!
* * * LOW HITPOINT WARNING * * *
You closely miss the iguana.
The iguana is heavily wounded.
The iguana bites you!
You die...

!. #..
#.. #.#
##..
####^.#
###...l#
##....@#
##......#
#>...<..#
##....###
#..#.###
#.. ## ..


You could see an iguana.

Vanquished Creatures
  A worker ant (D:3)
  3 adders
  A worm (D:3)
  A dart slug (D:2)
  2 leopard geckos (D:2)
  An orc (D:3)
  2 giant cockroaches
  A goblin (D:2)
  5 hobgoblins
  9 jackals
  2 quokkas (D:2)
  4 bats
  3 frilled lizards
  3 kobolds
  8 rats
46 creatures vanquished.

Notes
Turn   | Place    | Note
-------+----------+-------------------------------------------
     0 | D:1      | Fang the Gargoyle Berserker began the quest for the Orb.
     0 | D:1      | Reached XP level 1. HP: 14/14 MP: 1/1
     5 | D:1      | Noticed an electric eel
   198 | D:1      | Reached XP level 2. HP: 19/19 MP: 2/2
   366 | D:1      | Reached skill level 3 in Axes
   658 | D:2      | Reached XP level 3. HP: 14/23 MP: 3/3
   761 | D:2      | Found a faded altar of an unknown god.
   794 | D:2      | Reached ** piety under Trog
  1328 | D:3      | Reached XP level 4. HP: 29/29 MP: 4/4
  1596 | D:3      | Reached skill level 4 in Axes
  1670 | D:3      | Found an ornate altar of the Wu Jian Council.
  1744 | D:3      | Found an ancient bone altar of Kikubaaqudgha.
  1938 | D:3      | Found a sacrificial altar of Ru.
  2010 | D:3      | Found an iron altar of Okawaru.
  2013 | D:3      | Found a stormy altar of Qazlal.
  2278 | D:4      | Slain by an iguana

Skill      XL: |  1  2  3  4 |
---------------+-------------+-----
Axes           | 3 4 |  4.1
Dodging        | 2 |  2.0
Fighting       | |  3.9
Armour         | |  2.3
Stealth        | |  0.4

Action                   |  1- 3 |  4- 6 || total
-------------------------+-------+-------++-------
Melee: Hand axe          |   100 |    43 ||   143
Invok: Berserk           |       |     2 ||     2
  Eat: Chunk             |     1 |     3 ||     4
Armor: Animal skin       |    32 |     8 ||    40
Dodge: Dodged            |    87 |    33 ||   120
